 Dungeon Crawl Stone Soup version 0.19-a0-659-g8260ecf (webtiles) character file.

80 sudo the Slasher (level 4, -2/34 HPs)
             Began as a Demonspawn Gladiator on June 15, 2016.
             Slain by an orc
             ... wielding a +1 flail of draining
              (8 damage)
             ... on level 3 of the Dungeon.
             The game lasted 00:02:30 (2457 turns).

sudo the Slasher (Demonspawn Gladiator)             Turns: 2457, Time: 00:02:31

Health: -2/34      AC:  3    Str: 16    XL:     4   Next: 18%
Magic:  4/4        EV: 12    Int: 10    God:
Gold:   110        SH:  3    Dex: 13    Spells: 0 memorised, 3 levels left

rFire  . . .     SeeInvis .     p - +1 mace (crush)
rCold  . . .     Gourm    .     b - +0 leather armour
rNeg   . . .     Faith    .     q - +0 buckler
rPois  .         Spirit   .     (helmet restricted)
rElec  .         Dismiss  .     (no cloak)
rCorr  .         Reflect  .     (no gloves)
SustAt .         Harm     .     (no boots)
MR     .....                    (no amulet)
Stlth  +.........               (no ring)
                                (no ring)

@: drained, not resistant to hostile enchantments, very unstealthy
A: antennae 2, powered by pain 1
a: no special abilities


You were on level 3 of the Dungeon.
You were not hungry.

You visited 1 branch of the dungeon, and saw 3 of its levels.

You collected 110 gold pieces.

Inventory:

Hand Weapons
 a - a +0 long sword
 p - a +1 mace of crushing (weapon)
 r - a +0 mace of protection
Missiles
 d - 3 throwing nets (quivered)
Armour
 b - a +0 leather armour (worn)
 q - a +0 buckler (worn)
Scrolls
 e - 2 scrolls of remove curse {unknown}
 g - 3 scrolls of identify {unknown}
 h - a scroll of blinking {unknown}
 k - 2 scrolls of magic mapping {unknown}
 l - a scroll of enchant armour {unknown}
Potions
 m - a potion of brilliance {unknown}
 o - a potion of lignification {unknown}
Comestibles
 c - 3 chunks of flesh
 f - a bread ration
 i - 3 meat rations
 n - a slice of pizza


   Skills:
 + Level 2.4(1.9) Fighting
 - Level 3.3(2.8) Long Blades
 * Level 0.5(0.0) Maces & Flails
 - Level 1.8(1.3) Throwing
 + Level 0.6(0.1) Armour
 + Level 3.2(2.6) Dodging
 * Level 1.0(0.5) Shields


You had 3 spell levels left.
You didn't know any spells.

Dungeon Overview and Level Annotations

Branches:
Dungeon (3/15)

Altars:


Innate Abilities, Weirdness & Mutations

You have a pair of antennae on your head.
You sometimes gain a little power by taking damage.


Message History

An orc comes into view. It is wielding a flail.
The orc shouts!
The orc wizard casts a spell.
The orc wizard blinks!
You hit the orc wizard but do no damage.
The orc wizard casts a spell at you. The magic dart hits you!
The orc misses you.
The orc wizard hits you but does no damage.
You hit the orc wizard but do no damage.
The orc wizard barely misses you.
The orc hits you with a flail of draining!
You feel drained.
* * * LOW HITPOINT WARNING * * *
The orc wizard hits you but does no damage.
Unknown command.
It was a potion of magic.
Magic courses through your body. The orc wizard hits you with a dagger.
* * * LOW HITPOINT WARNING * * *
The orc hits you with a flail of draining!
You die...

#.# #.# #.# #.#
###.#.# #.# #.# #...#.
#.# #.# #.#.. #.# #.#
#?#.# #.###.###.#.#
#########.##.#.#....##
.......#....###o.o...#
######.#..##.#.#@oo..#
#.........##o#..#
###.#####.##.#!.# #.#
#.##.#§o# #.#
#.##.#..# #.#
#.......# #.#
##......#
#.######.###..#
#<....... #..#


You could see an orc wizard and 4 orcs.

Vanquished Creatures
  2 adders (D:2)
  2 worms (D:2)
  A giant gecko (D:2)
  2 ball pythons (D:1)
  4 giant cockroaches
  13 goblins
  8 hobgoblins
  2 quokkas (D:2)
  4 bats
  3 giant newts
  7 kobolds
  3 rats
51 creatures vanquished.

Vanquished Creatures (others)
  4 toadstools (D:1)
4 creatures vanquished.

Grand Total: 55 creatures vanquished

Notes
Turn   | Place    | Note
--------------------------------------------------------------
     0 | D:1      | sudo the Demonspawn Gladiator began the quest for the Orb.
     0 | D:1      | Reached XP level 1. HP: 16/16 MP: 1/1
   526 | D:1      | Gained mutation: You have a pair of small antennae on your head. [demonic ancestry]
   526 | D:1      | Reached XP level 2. HP: 21/22 MP: 2/2
  1630 | D:2      | Gained mutation: You have a pair of antennae on your head. [demonic ancestry]
  1630 | D:2      | Reached XP level 3. HP: 19/27 MP: 3/3
  2172 | D:2      | Gained mutation: You sometimes gain a little power by taking damage. [demonic ancestry]
  2172 | D:2      | Reached XP level 4. HP: 28/34 MP: 4/4
  2177 | D:2      | Reached skill level 1 in Shields
  2457 | D:3      | Slain by an orc

Vault maps used:
D:1:      ldierk_walled_garden_2, minmay_quantized
D:2:      minmay_door_path, roderic_bali_sauvastika, st_stairs_5
D:3:      minmay_crystal_water, uniq_jessica

Skill      XL: |  1  2  3  4 |
---------------+-------------+-----
Long Blades    | 3 |  3.3
Dodging        | 3 |  3.2
Shields        | 1 |  1.0
Fighting       | |  2.4
Maces & Flails | |  0.5
Throwing       | |  1.8
Armour         | |  0.6

Action                   |  1- 3 |  4- 6 || total
-------------------------+-------+-------++-------
Melee: Long sword        |    92 |       ||    92
       Mace              |    47 |    23 ||    70
  Use: Potion            |       |     1 ||     1
  Eat: Chunk             |     4 |     1 ||     5
Armor: Leather armour    |    53 |     9 ||    62
Dodge: Dodged            |    98 |    14 ||   112
Block: Shield            |    16 |       ||    16
       Buckler           |     8 |     5 ||    13
